 Dungeon Crawl Stone Soup version 0.28-a0-1152-g9c71ebef14 (webtiles) character file.

Game seed: 17040570322214952159

274 spaghetti the Sneak (level 6, -9/47 HPs)
             Began as a Mummy Delver on Dec 14, 2021.
             Was an Initiate of Cheibriados.
             Mangled by a yak (14 damage)
             ... on level 5 of the Dungeon.
             The game lasted 00:03:05 (1809 turns).

spaghetti the Sneak (Mummy Delver)                  Turns: 1809, Time: 00:03:05

Health: -9/47      AC:  4    Str: 19    XL:     6   Next: 3%
Magic:  6/6        EV: 12    Int: 10    God:    Cheibriados [......]
Gold:   57         SH:  0    Dex: 14    Spells: 5/5 levels left

rFire   x . .      SeeInvis .   a - +0 falchion {long}
rCold   + . .      Faith    .   (no shield)
rNeg    + + +      Spirit   .   b - +0 leather armour
rPois   ∞          Reflect  .   (no helmet)
rElec   .          Harm     .   k - +0 cloak
rCorr   .          Rampage  .   (no gloves)
Will    .....                   (no boots)
Stlth   +++.......              (no amulet)
HPRegen 0.15/turn               (no ring)
MPRegen 0.10/turn               (no ring)

@: studying Axes, very slow
A: cold resistance 1, negative energy resistance 3, torment resistance 2, heat
vulnerability 1, no potions
a: Renounce Religion


You were on level 5 of the Dungeon.
You worshipped Cheibriados.
Cheibriados was noncommittal.
You visited 2 branches of the dungeon, and saw 3 of its levels.

You collected 57 gold pieces.


Innate Abilities, Weirdness & Mutations

You are immune to poison.
Your flesh is cold resistant. (rC+)
You are immune to negative energy. (rN+++)
You are immune to unholy pain and torment.
You are vulnerable to heat. (rF-)
You do not drink.


   Skills:
 - Level 3.1 Fighting
 - Level 1.7 Long Blades
 + Level 4.8 Axes
 - Level 1.7 Dodging
 - Level 5.5 Stealth


You had 5 spell levels left.
You didn't know any spells.
Your spell library contained the following spells:

 Spells                   Type           Power      Damage    Failure   Level
 Beastly Appendage        Tmut           Unusable   N/A       N/A         1
 Wereblood                Tmut           Unusable   N/A       N/A         2
 Spider Form              Tmut/Pois      Unusable   N/A       N/A         3

Inventory:

Hand Weapons
 a - a +0 falchion (weapon) {long}
Missiles
 e - 20 sling bullets
 g - 21 stones (quivered) {throwing}
Armour
 b - a +0 leather armour (worn)
 h - a +2 scale mail of poison resistance
   (You found it on level 6 of the Dungeon)
 k - a +0 cloak (worn)
   (You found it on level 6 of the Dungeon)
Jewellery
 d - an amulet of faith {!P}
   (You found it on level 6 of the Dungeon)
Wands
 f - a wand of digging (3)
Scrolls
 c - a scroll of fog

Dungeon Overview and Level Annotations

Branches:
Dungeon (6/15)             Temple (1/1) D:6

Altars:
Ashenzari
Cheibriados
Elyvilon
Fedhas
Hepliaklqana
Makhleb
Nemelex Xobeh
Okawaru
Sif Muna
Uskayaw
Vehumet
Wu Jian
Xom
Yredelemnul
The Shining One

Annotations:
D:6 1 runed translucent door, exclusion: steam dragon, FludoriRambler's ghost, novice MiFi

#.# #.# ######.#######.#######
.....).............>.#
######.##...##.###...#######.##
#.##...##.# #...##........
#.##...##.# #...##........
#.#....'..# #...##..$.....
#.#)...######Y..##........
#.#........@YY..##........
#.#.........###.##........
#.#.....................#
######.#..........##..#####.##
.......#..........###.#
#####..####......## #.#
................... ...
..###.#####......## #..# ..#
#.......... ....


You could see 3 yaks.


Message History

Unknown command.
Aiming: Corrosive Bolt
Press: ? - help, Shift-Dir - straight line, f - yak
Aim: a yak (83% to hit)
The bolt of acid misses the iguana.
The bolt of acid hits the yak!
The acid corrodes the yak!
The iguana bites you! 😮 HP[-8]
You take 8 damage, and now have 22/41 hp.
Aiming: Corrosive Bolt
Press: ? - help, Shift-Dir - straight line, p - yak The bolt of acid hits the iguana!
The acid corrodes the iguana!
The bolt of acid hits the yak!
The yak seems to be corroded for longer.
The bolt of acid hits the yak!
The now-empty wand crumbles to dust.
The iguana bites you.
* * * LOW HITPOINT WARNING * * *
😨 HP[-2]
You take 2 damage, and now have 20/41 hp.
Unknown command.
You don't have any such object.
Evoke which item? (* to show all) (? for menu, Esc to quit)
Okay, then.
Okay, then.
You can't drink.
Unknown command.
Okay, then.
Okay, then.
Aiming: Throw Flame
Press: ? - help, Shift-Dir - straight line The puff of flame misses the iguana.
The puff of flame misses the yak.
The now-empty wand crumbles to dust.
The iguana misses you.
You hit the iguana. The iguana barely misses you.
Unknown command.
Unknown command.
You hit the iguana. The iguana bites you.
* * * LOW HITPOINT WARNING * * *
😨 HP[-1]
You take 1 damage, and now have 19/41 hp.
Unknown command.
Unknown command.
You hit the iguana.
You kill the iguana!
Cheibriados appreciates the change of pace.
You have reached level 6! 😨 HP[+3] MP[+1]
You now have 47 max hp (+6).
You regained 3 hp, and now have 22/47 hp.
Your mp is fully restored (6).
Unknown command.
Unknown command.
Okay, then.
Okay, then.
You can't drink.
Unknown command.
Unknown command.
You are studying Axes.
Your movement speed is very slow.
Your attack delay is about 1.2.
Your base attributes are Str 18, Int 9, Dex 13.
Unknown command.
Unknown command.
Okay, then.
Unknown command.
You can't drink.
You hit the yak but do no damage. The yak gores you.
* * * LOW HITPOINT WARNING * * *
😨 HP[-3]
You take 3 damage, and now have 19/47 hp.
Unknown command.
Unknown command.
Okay, then.
Unknown command.
Okay, then.
You hit the yak but do no damage.
Unknown command.
Unknown command.
You hit the yak. The yak gores you!
* * * LOW HITPOINT WARNING * * *
😱 HP[-13]
You take 13 damage, and now have 6/47 hp.
MASSIVE DAMAGE!! (PAUSE) Unknown command.
Unknown command.
Okay, then.
Unknown command.
You can't drink.
Okay, then.
Unknown command.
You hit the yak but do no damage. The yak gores you.
* * * LOW HITPOINT WARNING * * *
😱 HP[-2]
You take 2 damage, and now have 4/47 hp.
Unknown command.
Unknown command.
Unknown command. 😱 HP[+1]
Okay, then.
Unknown command.
Unknown command.
You closely miss the yak. The yak gores you!
You die...

Skill      XL: |  1  2  3  4  5 |
---------------+----------------+-----
Stealth        | 5 |  5.5
Axes           | 3 4 |  4.8
Fighting       | |  3.1
Long Blades    | |  1.7
Dodging        | |  1.7

Action                   |  1- 3 |  4- 6 || total
-------------------------+-------+-------++-------
Melee: Falchion          |    55 |    18 ||    73
Evoke: Wand              |       |    10 ||    10
  Use: Scroll            |     3 |     1 ||     4
 Stab: Sleeping          |     1 |       ||     1
Armor: Leather armour    |    13 |     4 ||    17
Dodge: Dodged            |    52 |    12 ||    64

Levels and vault maps discovered:
D:5:      layout_basic, nicolae_ossuary_entry_giza, minmay_misc_feat_room
D:6:      layout_basic, minmay_temple_entry_crystal_x,
          hellmonk_ghost_happy_afterlife, nicolae_wand_duel
Temple:   nicolae_temple_no_exploring_needed

Notes
Turn   | Place    | Note
-------+----------+-------------------------------------------
     0 | D:5      | spaghetti the Mummy Delver began the quest for the Orb.
     0 | D:5      | Reached XP level 1. HP: 18/18 MP: 1/1
     0 | D:5      | magus.rc [v1.9.6]
    49 | D:6      | Reached XP level 2. HP: 17/24 MP: 2/2
   143 | D:6      | You pick up a book of Changes and begin reading...
   370 | D:6      | Noticed a steam dragon
   513 | D:6      | Reached XP level 3. HP: 20/29 MP: 3/3
   516 | D:6      | Found a runed translucent door.
   516 | D:6      | Noticed FludoriRambler's ghost (novice MiFi)
   523 | D:6      | Found a staircase to the Ecumenical Temple.
   536 | Temple   | Entered the Ecumenical Temple
   836 | Temple   | Became a worshipper of Cheibriados the Contemplative
   857 | D:6      | Reached skill level 5 in Stealth
  1049 | D:6      | Identified a scroll of acquirement
  1049 | D:6      | Acquired a manual of Axes
  1146 | D:6      | Reached XP level 4. HP: 24/35 MP: 4/4
  1451 | D:5      | Noticed an ogre
  1459 | D:5      | Killed an ogre
  1460 | D:5      | Reached skill level 3 in Axes
  1460 | D:5      | Reached XP level 5. HP: 14/41 MP: 5/5
  1460 | D:5      | HP: 8/41 [howler monkey (6)]
  1462 | D:5      | Reached skill level 4 in Axes
  1764 | D:5      | Identified the +4 falchion of the Establishment {holy, rN++
                  | Will+++ Str+2 Dex-2}
  1790 | D:5      | Noticed a yak
  1790 | D:5      | Noticed a yak
  1790 | D:5      | Noticed a yak
  1802 | D:5      | Reached XP level 6. HP: 22/47 MP: 6/6
  1804 | D:5      | HP: 6/47 [yak (13)]
  1809 | D:5      | Mangled by a yak

Vanquished Creatures
  An ogre (D:5)
  A howler monkey (D:5)
  A centaur zombie (D:5)
  A bullfrog zombie (D:6)
  A centaur skeleton (D:6)
  An iguana (D:5)
  2 adders
  A shadow imp (D:6)
  A white imp (D:6)
10 creatures vanquished.

Table legend:
 A = Non-vault XP
 B = Vault XP
 C = Vault XP percentage of total XP
 D = Non-vault monster count
 E = Vault monster count
 F = Vault count percentage of total count
                 A         B        C        D         E       F
            +---------+---------+-------+---------+---------+-------
      Total |     392 |       0 |   0.0 |      10 |       0 |   0.0
            +---------+---------+-------+---------+---------+-------
        D:5 |     270 |       0 |   0.0 |       5 |       0 |   0.0
        D:6 |     122 |       0 |   0.0 |       5 |       0 |   0.0
            +---------+---------+-------+---------+---------+-------

Illustrated notes

Table legend:
 A = Kills in this place as a percentage of kills in entire the game.
 B = Kills by you in this place as a percentage of kills by you in the entire game.
 C = Kills by friends in this place as a percentage of kills by friends in the entire game.
 D = Other kills in this place as a percentage of other kills in the entire game.
 E = Experience gained in this place as a percentage of experience gained in the entire game.
 F = Experience gained in this place divided by the number of levels of this place that you have seen.
                   A       B       C       D       E      F
               +-------+-------+-------+-------+-------+----------------------
         Total | 100.0 | 100.0 |   N/A |   N/A | 100.0 | 130.7
       Dungeon | 100.0 | 100.0 |   N/A |   N/A | 100.0 | 196.0
               +-------+-------+-------+-------+-------+----------------------

Table legend: (Time is in decaauts)
 A = Elapsed time spent in this place.
 B = Non-inter-level travel time spent in this place.
 C = Inter-level travel time spent in this place.
 D = Time resting spent in this place.
 E = Time spent auto-exploring this place.
 F = Levels seen in this place.
 G = Mean time per level.
                   A        B        C        D        E       F      G
               +--------+--------+--------+--------+--------+-----+--------+
         Total |   1914 |   1898 |     16 |    874 |    826 |   3 |  638.0 |
       Dungeon |   1604 |   1597 |      7 |    774 |    633 |   2 |  802.0 |
        Temple |    309 |    301 |      8 |    100 |    193 |   1 |  309.0 |
               +--------+--------+--------+--------+--------+-----+--------+

Top non-repeatable levels by time:
     D:6: 1123 daAuts
     D:5: 481 daAuts
  Temple: 309 daAuts
